AoeStats
← SaulSarro

Four Lakes

508085788Analyzed
1v1 RM · 10d ago on Sep 20, 2026· 64m 8s· 2 players
Game mode
Random Map
Map size
Tiny (2 player)
Population
200
Speed
Normal
Resources
Standard
Victory
Conquest
Starting age
Dark Age
Ending age
Imperial Age
RankedLock teamsTeams togetherTeam positionsShared explorationLock speedFull tech treeHidden civsTurbo modeCheats
Victory
Defeat
🇲🇽 Malay · Mexico
804
+15
🇫🇷 Vietnamese · France
772
-15
SaulSarro
2:46 Loom
13:27 Feudal Age
13:51 Town Watch
16:33 Fishing Lines
16:37 Man-at-Arms
17:31 Forging
17:53 Arson
26:21 Stone Mining
31:26 Castle Age
32:58 Town Patrol
32:50 Double-Bit Axe
37:54 Wheelbarrow
39:11 Iron Casting
41:26 Gillnets
44:59 Hand Cart
44:51 Squires
44:34 Horse Collar
45:37 Gold Mining
49:43 Padded Archer Armor
49:34 Fletching
51:29 Heavy Plow
54:30 Imperial Age
51:58 Murder Holes
53:09 Ballistics
52:31 Treadmill Crane
53:02 Masonry
54:55 Conscription
56:06 Chemistry
55:34 Bow Saw
57:54 Elite Skirmisher
58:40 Thumb Ring
58:33 Bodkin Arrow
59:44 Elite Karambit Warrior
61:46 Forced Levy
bob_Snail
10:55 Feudal Age
9:11 Loom
11:23 Double-Bit Axe
12:46 Wheelbarrow
12:07 Horse Collar
16:47 Fletching
17:17 Stone Mining
28:47 Castle Age
30:20 Murder Holes
30:36 Fortified Wall
31:26 Bow Saw
31:20 Heavy Plow
31:37 Bodkin Arrow
32:01 Hand Cart
36:44 Squires
38:40 Stone Shaft Mining
38:35 Padded Archer Armor
38:44 Arson
38:59 Squires
38:20 Pikeman
39:27 Ballistics
39:43 Elite Skirmisher
46:55 Leather Archer Armor
50:48 Gold Mining
56:28 Imperial Age
58:04 Hoardings
56:50 Elite Rattan Archer
57:44 Bracer
57:23 Capped Ram
59:19 Crop Rotation
58:29 Elite Skirmisher
59:43 Thumb Ring
60:00 Elite Rattan Archer
61:15 Ring Archer Armor
60:22 Imperial Skirmisher
62:57 Paper Money
Connection lost

Rejoining the realm…

Still unreachable

The connection could not be restored.

Session expired

The server has moved on; the page needs a fresh start.